 Dungeon Crawl Stone Soup version 0.19-a0-55-g7e720b0 (webtiles) character file.

111 Zhenya25pyc the Shield-Bearer (level 4, -6/29 HPs)
             Began as a Gargoyle Fighter on May 8, 2016.
             Killed by divine providence
             ... invoked by an orc priest
              (8 damage)
             ... on level 3 of the Dungeon.
             The game lasted 00:02:16 (1939 turns).

Zhenya25pyc the Shield-Bearer (Gargoyle Fighter)    Turns: 1939, Time: 00:02:16

Health: -6/29      AC: 10    Str: 21    XL:     4   Next: 92%
Magic:  4/4        EV:  7    Int:  8    God:
Gold:   133        SH:  9    Dex:  9    Spells: 0 memorised, 3 levels left

rFire  . . .     SeeInvis .     a - +0 flail
rCold  . . .     Gourm    .     b - +0 scale mail
rNeg   + . .     Faith    .     c - +0 shield
rPois  ∞         Spirit   .     (no helmet)
rElec  +         Dismiss  .     (no cloak)
rCorr  +         Reflect  .     (no gloves)
SustAt .         Harm     .     (no boots)
MR     .....                    (no amulet)
Stlth  ..........               (no ring)
                                g - ring of resist corrosion

@: not resistant to hostile enchantments, extremely unstealthy
A: negative energy resistance 1, electricity resistance, unbreathing,
petrification resistance, rot immunity, AC +3
a: no special abilities


You were on level 3 of the Dungeon.
You were not hungry.

You visited 1 branch of the dungeon, and saw 3 of its levels.

You collected 133 gold pieces.

Inventory:

Hand Weapons
 a - a +0 flail (weapon)
Armour
 b - a +0 scale mail (worn)
 c - a +0 shield (worn)
Jewellery
 g - a ring of resist corrosion (left hand)
Scrolls
 e - 3 scrolls of identify {unknown}
 h - a scroll of teleportation {unknown}
 i - a scroll of magic mapping {unknown}
 m - 2 scrolls of enchant weapon {unknown}
 o - a scroll of remove curse {unknown}
 p - a scroll of enchant armour {unknown}
 r - a scroll of noise {unknown}
Potions
 d - a potion of might
 k - a potion of curing
 l - a potion of lignification {unknown}
 n - a potion of magic {unknown}
 q - 2 potions of brilliance {unknown}
 s - a potion of haste {unknown}
 t - a potion of heal wounds {unknown}
Comestibles
 f - a bread ration
 j - 4 fruits
 u - 2 chunks of flesh


   Skills:
 + Level 3.7 Fighting
 * Level 3.5 Maces & Flails
 + Level 4.0 Armour
 + Level 4.0 Shields


You had 3 spell levels left.
You didn't know any spells.

Dungeon Overview and Level Annotations

Branches:
Dungeon (3/15)

Altars:
Ashenzari
Fedhas
Vehumet


Innate Abilities, Weirdness & Mutations

You are resistant to torment.
Your stone body is resilient (AC +3).
You are immune to poison.
You resist negative energy.
You are resistant to electric shocks.
You can survive without breathing.
You are immune to petrification.
You are immune to rotting.


Message History

An orc comes into view. It is wielding a mace.
The orc priest calls down the wrath of Beogh upon you.
Beogh smites you!
* * * LOW HITPOINT WARNING * * *
You barely miss the quokka.
The quokka bites you but does no damage.
The orc priest looks braver for a moment.
You closely miss the quokka.
The quokka bites you but does no damage.
The quokka barely misses you.
You closely miss the quokka. The quokka bites you.
* * * LOW HITPOINT WARNING * * *
The quokka completely misses you.
You barely miss the quokka. The quokka barely misses you.
You miss the quokka.
The quokka bites you but does no damage.
The quokka barely misses you.
The orc priest calls down the wrath of Beogh upon you.
Beogh smites you!
You die... ...[...b ...$... #..... #.... #o.. #oo

#r# #@# #######
#.####.....#
#....#.###.####
#..#)#.#...#..#
#..#.#.#.#.#..#
#..#.....#..).#
#..#####.#.##.#
#..# #........#
#..# #.##..####


You could see 2 orc priests, an orc, a quokka and a bat.

Vanquished Creatures
  Jessica (D:2)
  Ijyb (D:2)
  An adder (D:2)
  An ooze (D:2)
  A worm (D:3)
  3 orcs (D:3)
  2 ball pythons
  3 bats
  3 giant cockroaches (D:2)
  5 goblins
  A hobgoblin (D:1)
  6 jackals (D:1)
  2 kobolds (D:2)
  2 giant newts (D:2)
  7 rats
39 creatures vanquished.

Notes
Turn   | Place    | Note
--------------------------------------------------------------
     0 | D:1      | Zhenya25pyc the Gargoyle Fighter began the quest for the Orb.
     0 | D:1      | Reached XP level 1. HP: 14/14 MP: 1/1
   183 | D:1      | Reached XP level 2. HP: 10/19 MP: 2/2
   639 | D:1      | Found a radiant altar of Vehumet.
   672 | D:1      | Found a shattered altar of Ashenzari.
  1020 | D:2      | Found a blossoming altar of Fedhas.
  1127 | D:2      | Reached XP level 3. HP: 22/23 MP: 3/3
  1134 | D:2      | Found a faded altar to an unknown god.
  1223 | D:2      | Noticed Ijyb
  1246 | D:2      | Killed Ijyb
  1455 | D:2      | Reached XP level 4. HP: 26/28 MP: 4/4
  1508 | D:2      | Noticed Jessica
  1536 | D:2      | Killed Jessica
  1939 | D:3      | Killed from afar by an orc priest

Vault maps used:
D:1:      dpeg_arrival_solitude, nrook_mini_backslash, minmay_misc_feat_x,
          kennysheep_flooded_box, grunt_decor_resistance,
          minmay_misc_feat_plants, minmay_misc_feat_columns,
          evilmike_ruin_ashenzari
D:2:      overflow_temple_1_default, ecumenical_altar_2, uniq_jessica, uniq_iyjb
D:3:      lightli_sewer_entry_pipes, kennysheep_generic_room_5

Skill      XL: |  1  2  3  4 |
---------------+-------------+-----
Maces & Flails | 3 |  3.5
Shields        | 4 |  4.0
Armour         | 4 |  4.0
Fighting       | |  3.7

Action                   |  1- 3 |  4- 6 || total
-------------------------+-------+-------++-------
Melee: Flail             |   141 |    68 ||   209
  Eat: Chunk             |     1 |     3 ||     4
Armor: Scale mail        |   112 |    39 ||   151
Dodge: Dodged            |    53 |    21 ||    74
Block: Shield            |    89 |    34 ||   123
